Map: Emerald City LE

Players

shippoop

  • Race: Terran Terran
  • Spawn Location: 5:00

Trogdor

  • Race: Terran Terran
  • Spawn Location: 5:00

Throwfordays - Winner!

  • Race: Protoss Protoss
  • League: Bronze
  • Spawn Location: 11:00

Cthulhu - Winner!

  • Race: Terran Terran
  • Spawn Location: 11:00

VOD

Have the link to the VOD?

Description

Time

  • Played on: Feb. 1, 2019, 8:14 p.m.
  • Length: 13:52
Show
View Real Time Build Order
Export as new Build Order

shippoop Terran 

Build Orders:  

Get SALT Encoding   

  12  0:01  SCV  
  13  0:14  SCV  
  14  0:21  Supply Depot  
  14  0:26  SCV  
  15  0:40  Refinery  
  15  0:48  Barracks  
  15  0:52  SCV  
  16  1:01  Barracks  
  16  1:06  SCV  
  17  1:18  SCV  
  19  1:34  Refinery  
  19  1:37  Orbital Command  
  18  1:48  Factory  
  18  2:05  SCV  
  18  2:06  Marine x2  
  21  2:18  SCV  
  22  2:25  Marine  
  23  2:31  Supply Depot  
  23  2:37  Starport  
  23  2:52  Marine, SCV  
  23  2:54  Hellion  
  23  2:55  Marine  
  28  2:59  Supply Depot  
  28  3:06  SCV  
  29  3:16  Starport Tech Lab  
  29  3:20  Fusion Core, SCV  
  30  3:34  Command Center  
  30  3:42  SCV  
  31  3:49  Barracks Reactor  
  31  3:50  Barracks Tech Lab  
  31  3:52  Hellion  
  30  4:18  Battlecruiser  
  36  4:26  SCV  
  33  4:36  Supply Depot  
  33  4:38  SCV  
  34  4:48  Refinery, Orbital Command  
  34  4:50  SCV  
  35  4:58  Supply Depot  
  35  5:02  SCV  
  36  5:10  Marine  
  36  5:11  Marine  
  38  5:14  Refinery  
  38  5:16  Marine  
  39  5:22  Battlecruiser  
  39  5:28  Marine  
  46  5:29  Marine  
  46  5:31  Hellion  
  49  5:43  SCV x2  
  51  5:55  SCV x2  
  53  5:59  Stimpack  
  53  6:07  SCV x2  
  55  6:16  Weapon Refit  
  55  6:22  Marine x3  
  58  6:26  Hellion, Battlecruiser  
  66  6:39  Marine  
  66  6:40  Marine x2  
  69  6:57  Marine  
  70  8:14  SCV x2  
  70  8:18  Supply Depot  
  72  8:20  Supply Depot  
  72  8:26  SCV x2  
  74  8:38  SCV x2  
  76  8:41  Supply Depot  
  76  8:42  Supply Depot  
  76  8:50  SCV x2  
  78  9:02  SCV x2  
  80  9:05  Supply Depot  
  80  9:08  Supply Depot  
  62  11:43  Marine x2  
  62  11:44  Marine  
  65  12:01  Marine x3  
  68  12:19  Marine x3  
  71  12:34  Command Center  
  71  12:36  Refinery  
  71  12:37  Marine x3  
  60  12:55  Marine  
  54  13:04  Marine  
  54  13:05  Marine  
  56  13:06  Hellion  
  56  13:07  Viking  
  59  13:13  Marine  
  60  13:22  Marine x2  
  61  13:28  Hellion  
  61  13:30  Marine  
Show
View Real Time Build Order
Export as new Build Order

Trogdor Terran 

Build Orders:  

Get SALT Encoding   

  12  0:03  SCV  
  13  0:15  SCV  
  14  0:22  Supply Depot  
  14  0:27  SCV  
  15  0:50  Barracks  
  15  0:53  Barracks  
  15  0:54  SCV  
  16  1:00  Refinery  
  16  1:07  SCV  
  17  1:19  SCV  
  18  1:31  SCV  
  19  1:35  Supply Depot  
  19  1:38  Marine  
  20  1:41  Marine  
  20  1:44  SCV  
  22  1:56  Marine  
  22  1:59  Marine  
  24  2:14  Marine  
  25  2:17  Marine  
  25  2:32  Marine  
  25  2:34  Marine  
  27  2:44  Command Center  
  27  2:49  Marine  
  27  2:51  Supply Depot  
  28  2:52  Marine  
  28  2:53  SCV  
  30  3:10  Orbital Command  
  30  3:14  Barracks Reactor, Barracks Tech Lab  
  30  3:43  Refinery  
  30  3:46  Factory  
  30  3:48  SCV  
  31  3:54  Marine x2  
  33  3:56  Marine  
  33  4:00  SCV  
  30  4:12  SCV  
  28  4:33  Factory Tech Lab  
  28  4:38  Starport  
  28  4:42  Orbital Command  
  28  4:48  SCV  
  29  4:53  Refinery  
  29  4:56  Siege Tank  
  32  5:00  Marine, SCV  
  32  5:01  Marine, Stimpack  
  32  5:03  Marine  
  36  5:12  SCV  
  37  5:26  SCV x2  
  39  5:32  Starport Reactor  
  39  5:34  Marine x3  
  42  5:38  SCV  
  42  5:39  SCV  
  44  5:51  SCV x2, Siege Tank  
  44  5:52  Marine  
  44  5:53  Marine x2  
  52  6:00  Supply Depot  
  52  6:09  Marine  
  53  6:14  Refinery  
  53  6:20  Marine  
  53  6:22  Marine, Medivac x2  
  59  6:26  Supply Depot  
  59  6:27  Marine  
  60  6:33  Command Center  
  60  6:38  Marine  
  60  6:39  Marine  
  62  6:52  Medivac x2  
  66  6:55  Marine x2  
  66  6:57  Marine  
  69  7:06  Siege Tank  
  69  7:07  Supply Depot  
  72  7:25  Combat Shield  
  72  7:35  Engineering Bay  
  71  7:39  Armory  
  71  7:45  Barracks  
  71  7:55  SCV  
  71  7:56  SCV  
  73  8:07  SCV  
  73  8:08  SCV  
  73  8:10  Orbital Command  
  75  8:18  Terran Infantry Weapons Level 1  
  75  8:19  Supply Depot  
  76  8:20  SCV x2  
  77  8:39  Barracks Reactor  
  77  8:42  Supply Depot  
  77  8:50  Marine x2  
  77  8:51  Marine  
  80  9:08  Marine x3  
  83  9:14  Marine x2  
  85  9:26  Marine x3  
  65  9:32  Marine  
  61  9:44  Marine x4  
  65  9:47  Orbital Command  
  65  9:50  Marine  
  65  9:52  Siege Tank  
  69  10:02  Marine x4  
  73  10:09  Factory  
  73  10:11  Factory  
  73  10:12  Terran Vehicle Weapons Level 1  
  73  10:13  Terran Infantry Weapons Level 2  
  73  10:21  Marine x2, Armory  
  73  10:22  Marine x3  
  73  10:24  Siege Tank  
  81  10:39  Marine x3  
  81  10:40  Marine x2  
  86  10:57  Marine x3  
  89  11:13  Terran Ship Weapons Level 1  
  42  11:59  Marine x5  
  40  12:17  Marine x5  
  45  12:26  Factory Tech Lab x2  
  45  12:34  Marine x2  
  45  12:35  Marine x3  
  50  12:52  Marine  
  50  12:53  Command Center  
  50  12:54  Command Center  
  51  12:58  Thor x2  
  51  12:59  Siege Tank  
  51  13:02  Marine x4  
  51  13:04  Viking  
  51  13:05  Viking  
  74  13:10  Marine  
  73  13:20  Marine x4  
Show
View Real Time Build Order
Export as new Build Order

Throwfordays Protoss - Winner!

Build Orders:  

Get SALT Encoding   

  12  0:00  Probe  
  13  0:12  Probe  
  14  0:18  Pylon  
  14  0:25  Probe  
  15  0:36  Gateway  
  15  0:37  Probe  
  17  0:50  Probe  
  17  0:53  Assimilator  
  17  1:02  Probe  
  18  1:14  Probe  
  19  1:23  Cybernetics Core  
  19  1:28  Probe  
  20  1:43  Assimilator  
  20  1:56  Warp Gate  
  20  2:00  Nexus  
  20  2:01  Adept  
  22  2:04  Pylon  
  22  2:23  Pylon, Probe  
  23  2:31  Adept  
  23  2:36  Probe  
  26  2:48  Probe  
  27  3:04  Probe  
  28  3:08  Nexus  
  28  3:12  Probe  
  29  3:16  Probe  
  30  3:24  Probe  
  31  3:28  Probe  
  31  3:29  Pylon  
  32  3:36  Probe  
  32  3:37  Assimilator  
  32  3:40  Probe  
  34  3:43  Assimilator  
  34  3:48  Robotics Facility, Probe  
  34  3:53  Probe  
  36  4:00  Probe  
  37  4:05  Probe  
  36  4:11  Adept  
  36  4:12  Probe  
  37  4:17  Probe  
  37  4:23  Gateway x2  
  36  4:24  Probe  
  36  4:26  Gateway  
  36  4:29  Probe  
  36  4:37  Probe  
  37  4:41  Probe x2  
  39  4:49  Probe  
  39  4:51  Probe  
  40  4:59  Probe  
  41  5:01  Probe  
  43  5:08  Robotics Facility, Probe  
  43  5:09  Robotics Facility  
  43  5:11  Robotics Facility  
  43  5:13  Probe  
  45  5:20  Probe  
  46  5:23  Pylon  
  46  5:25  Pylon, Probe  
  46  5:26  Pylon  
  47  5:31  Probe  
  47  5:32  Probe  
  49  5:37  Probe  
  50  5:43  Pylon, Probe  
  50  5:44  Probe  
  50  5:46  Pylon  
  50  5:49  Pylon  
  52  5:51  Pylon  
  52  5:54  Pylon, Protoss Air Weapons Level 1  
  52  5:55  Probe  
  52  5:56  Pylon, Probe  
  54  6:04  Robotics Bay  
  54  6:08  Forge, Probe  
  54  6:09  Forge  
  55  6:13  Probe  
  55  6:18  Assimilator  
  56  6:20  Probe  
  56  6:22  Assimilator  
  56  6:23  Observer x3  
  60  6:26  Probe  
  62  6:32  Probe  
  62  6:38  Probe  
  63  6:43  Stalker  
  63  6:44  Stalker, Probe, Immortal  
  63  6:45  Stalker, Immortal  
  73  6:50  Probe  
  73  6:51  Stalker  
  73  6:53  Protoss Ground Weapons Level 1  
  72  6:54  Protoss Shields Level 1  
  72  6:57  Probe  
  71  7:02  Probe  
  71  7:07  Stalker x2  
  73  7:09  Stalker  
  73  7:11  Extended Thermal Lance  
  73  7:13  Probe  
  73  7:21  Probe  
  73  7:27  Colossus  
  73  7:29  Probe  
  80  7:33  Colossus  
  87  7:40  Probe  
  88  7:49  Probe  
  89  7:52  Probe  
  89  7:53  Colossus  
  96  8:01  Probe  
  97  8:10  Stargate  
  97  8:12  Stargate  
  97  8:17  Stargate  
  97  8:34  Protoss Air Armor Level 1  
  97  8:38  Stargate  
  97  8:43  Stargate  
  97  8:51  Gravitic Boosters  
  97  8:54  Stalker x3  
  103  8:55  Stalker  
  77  9:39  Stargate  
  77  9:40  Stargate  
  77  9:42  Stargate  
  77  9:46  Stalker x4  
  73  10:18  Fleet Beacon  
  73  10:27  Probe  
  72  10:35  Void Ray  
  66  10:38  Void Ray  
  66  10:39  Probe  
  65  10:43  Pylon  
  65  10:44  Stalker x2  
  61  10:52  Probe  
  62  11:00  Void Ray  
  62  11:02  Probe  
  67  11:04  Probe  
  59  11:14  Probe  
  59  11:16  Protoss Air Weapons Level 2, Probe  
  49  11:26  Probe  
  49  11:28  Probe  
  40  11:39  Probe  
  41  11:40  Probe  
  42  11:49  Probe  
  42  11:51  Probe  
  42  11:53  Probe  
  45  12:01  Probe  
  45  12:03  Probe  
  45  12:05  Probe  
  48  12:13  Probe  
  48  12:15  Probe  
  50  12:17  Probe  
  51  12:25  Probe  
  51  12:27  Probe  
  51  12:29  Probe  
  54  12:37  Probe  
  54  12:39  Probe  
  54  12:41  Probe  
  57  12:49  Probe  
  58  12:51  Probe  
  58  12:53  Probe  
  60  13:23  Probe  
  60  13:25  Probe  
  66  13:27  Probe  
  67  13:36  Probe  
  67  13:38  Probe  
  67  13:39  Probe  
Show
View Real Time Build Order
Export as new Build Order

Cthulhu Terran - Winner!

Build Orders: 2 Factory 

Get SALT Encoding   

  12  0:01  SCV  
  13  0:14  SCV  
  14  0:25  Supply Depot  
  14  0:27  SCV  
  15  0:47  SCV  
  15  0:49  Barracks  
  16  0:59  SCV  
  16  1:00  Refinery  
  17  1:11  SCV  
  17  1:12  Refinery  
  18  1:23  SCV  
  19  1:28  Supply Depot  
  19  1:30  Supply Depot  
  19  1:36  Marine  
  19  1:37  Orbital Command  
  20  1:55  Marine  
  21  2:05  SCV  
  22  2:18  Marine, SCV  
  23  2:27  Factory  
  23  2:28  Factory  
  23  2:36  SCV  
  24  2:41  Marine  
  25  2:48  SCV  
  26  2:59  Marine, Supply Depot  
  26  3:02  SCV  
  28  3:16  Armory  
  28  3:18  Armory, Factory Tech Lab  
  28  3:19  Factory Tech Lab  
  28  3:20  Marine, SCV  
  30  3:33  SCV  
  31  3:48  Marine, SCV  
  32  3:49  Siege Tank x2  
  38  4:09  Marine, SCV  
  35  4:26  Infernal Pre-Igniter  
  35  4:37  Command Center  
  35  4:42  Refinery  
  35  4:46  Hellion  
  35  4:47  Refinery, Siege Tank  
  35  4:48  SCV  
  41  4:58  Marine  
  42  5:00  SCV  
  42  5:04  Engineering Bay  
  43  5:18  SCV  
  43  5:19  Siege Tank  
  47  5:30  Supply Depot  
  47  5:48  Marine  
  47  5:49  SCV, Siege Tank  
  52  5:55  Supply Depot  
  52  6:05  SCV  
  52  6:07  Sensor Tower  
  52  6:10  Marine  
  52  6:11  Siege Tank  
  52  6:18  SCV  
  56  6:20  Orbital Command  
  56  6:36  Supply Depot  
  56  6:39  Barracks Tech Lab  
  56  6:48  SCV  
  56  6:51  Thor, Siege Tank  
  66  6:58  Terran Vehicle And Ship Armor Level 1  
  64  7:05  Terran Vehicle Weapons Level 1  
  61  7:19  Marine, SCV x2  
  64  7:38  SCV x2  
  66  7:50  Combat Shield  
  66  7:51  Sensor Tower  
  66  7:53  Supply Depot  
  66  8:10  Siege Tank x2  
  72  8:15  SCV  
  72  8:16  Marine, SCV  
  75  8:24  Terran Infantry Armor Level 1  
  75  8:25  Starport  
  75  8:32  SCV x2  
  77  8:42  Siege Tank  
  77  8:44  Command Center  
  80  9:03  Starport Reactor  
  80  9:05  Starport  
  65  9:50  Missile Turret  
  64  9:54  Missile Turret  
  64  9:56  Missile Turret x2  
  64  9:57  Missile Turret  
  62  10:06  Marine  
  59  10:07  Thor x2  
  62  10:16  SCV  
  52  10:28  SCV  
  52  10:32  SCV  
  52  10:38  Missile Turret  
  52  10:42  Orbital Command  
  52  10:44  SCV, Missile Turret  
  52  10:46  Missile Turret  
  52  10:47  Viking x2, Missile Turret  
  46  12:01  Viking x2  
  41  12:13  Widow Mine  
  41  12:15  Siege Tank  
  43  12:29  SCV x2  
  45  12:30  SCV  
  45  12:31  Marine  
  45  12:32  Viking x2  
  51  12:49  Marine  
  52  13:10  Marine  
  53  13:13  Starport Tech Lab  
  53  13:28  Marine  
Tags
 
Add a new tag
Caveats
  • Supply blocks, unpowered buildings, or Contaminate may cause inaccurate times.
  • Supply counts are checked every 10 seconds.